 Dungeon Crawl Stone Soup version 0.19.1-1-g22dce08 (webtiles) character file.

270 theAP the Shield-Bearer (level 6, 0/39 HPs)
             Began as a Gargoyle Fighter on Jan 5, 2017.
             Slain by a goblin
             ... wielding a +0 dagger
             ... led by Robin
              (2 damage)
             ... on level 2 of the Dungeon.
             The game lasted 00:04:39 (886 turns).

theAP the Shield-Bearer (Gargoyle Fighter)           Turns: 886, Time: 00:04:40

Health: 0/39       AC: 11    Str: 21    XL:     6   Next: 22%
Magic:  6/6        EV:  7    Int:  9    God:
Gold:   79         SH: 10    Dex:  9    Spells: 0 memorised, 5 levels left

rFire  . . .     SeeInvis .     a - +0 flail
rCold  . . .     Gourm    .     b - +0 scale mail
rNeg   + . .     Faith    .     c - +1 shield
rPois  ∞         Spirit   .     (no helmet)
rElec  +         Reflect  .     (no cloak)
rCorr  .         Harm     .     (no gloves)
MR     .....                    (no boots)
Stlth  ..........               (no amulet)
                                (no ring)
                                (no ring)

@: no status effects
A: negative energy resistance 1, electricity resistance, unbreathing,
petrification resistance, rot immunity, AC +4
a: no special abilities


You were on level 2 of the Dungeon.
You were not hungry.

You visited 1 branch of the dungeon, and saw 2 of its levels.

You collected 79 gold pieces.

Inventory:

Hand Weapons
 a - a +0 flail (weapon)
Armour
 b - a +0 scale mail (worn)
 c - a +1 shield (worn)
Wands
 d - a wand of flame (17/48)
Scrolls
 h - 3 scrolls of random uselessness
Comestibles
 f - a bread ration
 g - a chunk of flesh
 i - 3 fruits
 j - a slice of pizza


   Skills:
 + Level 4.4 Fighting
 * Level 4.6 Maces & Flails
 - Level 3.2 Armour
 + Level 4.9 Shields


You had 5 spell levels left.
You didn't know any spells.

Dungeon Overview and Level Annotations

Branches:
Dungeon (2/15)

Altars:


Innate Abilities, Weirdness & Mutations

You are resistant to torment.
Your stone body is resilient. (AC +4)
You are immune to poison.
You resist negative energy. (rN+)
You are resistant to electric shocks. (rElec)
You can survive without breathing.
You are immune to petrification.
You are immune to rotting.


Message History

The goblin no longer looks unusually strong. x3
The goblin hits you but does no damage. You block the hobgoblin's attack.
The goblin completely misses you. The goblin hits you but does no damage.
You block the goblin's attack. The goblin hits you but does no damage.
You see here a club.
You closely miss the goblin.
The goblin no longer looks unusually strong. x2
You block the hobgoblin's attack. The goblin barely misses you.
The goblin hits you with a dagger.
* * * LOW HITPOINT WARNING * * *
The hobgoblin hits you but does no damage.
You hit the goblin.
The goblin is almost dead.
You block the goblin's attack. x2; The hobgoblin hits you.
* * * LOW HITPOINT WARNING * * *
The goblin hits you but does no damage.
You thump the goblin!
You kill the goblin!
The goblin hits you with a dagger.
You die...

.......#########........#
#......##.........>.....#
#......##.##..##........#
#............###........#
#.......##..## #........#
###...)....## ##.#######
....÷......# ##(#
...........# ##).#
...........####g@##
#...##).#...gggg##
....†..).....ggg#
.#.†..........gg#
##.............##
...............#
...............#
...............#
...###.#.......##


You could see a hobgoblin and 9 goblins.

Vanquished Creatures
  Sigmund (D:2)
  Natasha (twice) (D:2)
  Robin (D:2)
  An adder (D:2)
  A worm (D:2)
  2 dart slugs (D:1)
  2 leopard geckos
  2 giant cockroaches (D:1)
  6 goblins
  7 hobgoblins
  2 kobolds (D:1)
  2 ball pythons (D:1)
  A frilled lizard (D:1)
  4 rats
34 creatures vanquished.

Notes
Turn   | Place    | Note
-------+----------+-------------------------------------------
     0 | D:1      | theAP the Gargoyle Fighter began the quest for the Orb.
     0 | D:1      | Reached XP level 1. HP: 14/14 MP: 1/1
   100 | D:1      | Reached XP level 2. HP: 13/19 MP: 2/2
   212 | D:1      | Reached XP level 3. HP: 18/23 MP: 3/3
   625 | D:2      | Noticed Natasha
   642 | D:2      | Killed Natasha
   645 | D:2      | Reached XP level 4. HP: 8/28 MP: 4/4
   697 | D:2      | Noticed Natasha
   702 | D:2      | Killed Natasha
   717 | D:2      | Noticed Sigmund
   737 | D:2      | Killed Sigmund
   737 | D:2      | Reached XP level 5. HP: 4/34 MP: 5/5
   737 | D:2      | Reached XP level 6. HP: 5/39 MP: 6/6
   863 | D:2      | Noticed Robin
   873 | D:2      | Killed Robin
   886 | D:2      | Slain by a goblin

Skill      XL: |  1  2  3  4 |
---------------+-------------+-----
Shields        | 4 |  4.9
Maces & Flails | 3 4 |  4.6
Fighting       | 4 |  4.4
Armour         | |  3.2

Action                   |  1- 3 |  4- 6 || total
-------------------------+-------+-------++-------
Melee: Flail             |   101 |    51 ||   152
  Use: Scroll            |     2 |     4 ||     6
       Potion            |     4 |     2 ||     6
Armor: Scale mail        |    70 |    29 ||    99
       Skin              |     5 |       ||     5
Dodge: Dodged            |    29 |    28 ||    57
Block: Shield            |    71 |    48 ||   119
